[Event "Late-Titled-Tuesday-Blitz-December-26-2023"]
[Site "Chess.com"]
[Date "2023.12.26"]
[Round "7"]
[White "BardArtem"]
[Black "Kaua18"]
[Result "0-1"]
[WhiteElo "2665"]
[BlackElo "2552"]
[TimeControl "180+1"]
[EndTime "15:19:40 PST"]
[Termination "Kaua18 won on time"]

1. e4 c5 2. c3 Nf6 3. e5 Nd5 4.
Nf3 e6 5. Bc4 d6 6. d4 cxd4 7.
cxd4 Be7 8. O-O O-O 9. Bd2 Nc6 10. Nc3 Nxc3 11. Bxc3 dxe5 12. dxe5 Qc7 13. Qe2 Rd8 14.
Rfd1 Rxd1+ 15. Rxd1 b6 16. Bd3 Bb7 17. a3 Rd8 18. h4 Nb8 19. h5 h6 20. Bb1 Nd7 21. Rc1 Qb8 22. Bd2 Nc5 23. Bc3 Ba6 24. Qe3 Bd3 25. Nd4 Bxb1 26. Nc6 Qc7 27. Nxd8 Ba2 28. b4 Na4 29. Nxf7 Kxf7 30. Qf3+ Kg8 31. Bd2 Qd7 32. Be3 Bd5 33. Qg4 Kh8 34. b5 Nc5 35.
a4 Qe8 36. a5 Qxb5 37. axb6 axb6 38. Ra1 Qe8 39. Qg6 Qxg6 40. hxg6 Be4 41. Ra7 Bf8 42. Rc7 Kg8 43. Rc8 Bxg6 44. Rb8 Bf7 45. Rxb6 Nd7 46.
Rb5 Be7 47. Rb7 Be8 48. f4 Kf7 49. Kh2 g6 50. g4 Kf8 51. Kg3 Nc5 52. Rb4 Nd7 53.
Rb1 Bc5 54. Bd2 Be7 55. Rg1 g5 56. Rf1 gxf4+ 57. Bxf4 Kg7 58. Kg2 Nc5 59. Bg3 Bc6+ 60. Kh3 Bg5 61. Rb1 Be4 62. Rb5 Nd3 63. Rb6 Kf7 64. Ra6 Bd5 65. Ra7+ Kg6 66. Rc7 Nb4 67. Rc8 Nd3 68. Rg8+ Kf7 69. Rb8 Nc5 70. Rh8 Ne4 71.
Be1 Kg6 72. Rg8+ Kf7 73. Rb8 Bf4 74. Rh8 Kg7 75. Re8 Bxe5 76. Bh4 Ng5+ 77. Bxg5 hxg5 78. Rg8+ Kf7 79. Rf8+ Ke7 80. Re8+ Kd7 81. Rd8+ Kc6 82.
Rc8+ Bc7 83. Re8 Bb6 84. Rg8 Be3 85. Kg3 e5 86. Re8 Kd6 87. Rd8+ Kc5 88. Re8 Kd4 89. Rb8 Bd2 90. Kh3 e4 91. Rb1 e3 92. Kg3 Kd3 93.
Ra1 e2 94. Ra3+ Bc3 95. Kh3 Bg2+ 0-1

[Event "Late-Titled-Tuesday-Blitz-December-26-2023"]
[Site "Chess.com"]
[Date "2023.12.26"]
[Round "7"]
[White "enriquetejedor"]
[Black "Kleyton_Lima"]
[Result "0-1"]
[WhiteElo "2709"]
[BlackElo "2589"]
[TimeControl "180+1"]
[EndTime "15:19:47 PST"]
[Termination "Kleyton_Lima won by checkmate"]

1. d4 Nf6 2. Bf4 g6 3. Nc3 d5 4.
h4 h5 5. Nf3 Bg7 6. e3 O-O 7.
Nb5 Na6 8. Be2 c6 9. Nc3 Bg4 10. Ne5 Bxe2 11. Qxe2 c5 12. g4 hxg4 13. Nxg4 Nh5 14. Be5 cxd4 15. exd4 Qd7 16. O-O-O Qf5 17. Bxg7 Kxg7 18. Ne3 Qe6 19. Rdg1 Nf4 20. Qf3 Qf6 21. Ng4 Qxd4 22. h5 g5 23. h6+ Kh7 24. Ne2 Nxe2+ 25.
Qxe2 Rac8 26. Kb1 Nb4 27. Qxe7 Nxc2 28. Nf6+ Kh8 29. Nxd5 Rfe8 30. Qf6+ Qxf6 31. Nxf6 Re6 32. Nd5 Nd4 33. Rxg5 Rg8 34. Rxg8+ Kxg8 35. a4 Kh7 36. Rd1 Nb3 37. Ne3 Nc5 38. a5 Nb3 39. Rd7 Nxa5 40.
Rxf7+ Kxh6 41. b4 Rb6 42. Nd5 Rb5 43. Rd7 Nc6 44. Kc1 Nxb4 45. Ne3 a5 46. Rd8 a4 47.
Rh8+ Kg7 48. Ra8 Na6 49. Nc2 Rb3 50. Rd8 a3 51. Nxa3 Rxa3 52. Rd7+ Kf6 53. Rxb7 Nc5 54. Rc7 Ne6 55. Rc4 Ke5 56. Kd1 Nd4 57. Ke1 Ke4 58.
Kd2 Ra2+ 59. Kc1 Rxf2 60. Rc8 Kd3 61. Kb1 Rf1+ 62. Kb2 Rf5 63. Rc3+ Ke4 64. Rc8 Rb5+ 65.
Kc3 Re5 66. Kc4 Ne6 67. Kc3 Rd5 68. Rc4+ Ke5 69. Rc8 Ra5 70. Kc2 Ra3 71. Kb2 Rg3 72. Re8 Kd5 73. Kc2 Nd4+ 74. Kd2 Rg2+ 75. Kd3 Ne6 76.
Re7 Rg1 77. Kd2 Nc5 78. Re8 Kd4 79. Rd8+ Kc4 80. Ke2 Rg2+ 81. Kf3 Rc2 82. Rd1 Nd3 83.
Ke3 Rc3 84. Rd2 Ne5+ 85. Ke4 Nd3 86. Re2 Nc5+ 87. Kf4 Rd3 88. Rf2 Kd4 89. Re2 Rd1 90. Rf2 Nd3+ 91. Kf3 Nxf2 92. Ke2 Ra1 93. Kd2 Ra2+ 94. Ke1 Ke3 95. Kf1 Ng4 96. Kg1 Kf3 97. Kf1 Ra1# 0-1

[Event "Late-Titled-Tuesday-Blitz-December-26-2023"]
[Site "Chess.com"]
[Date "2023.12.26"]
[Round "8"]
[White "kikoveiga"]
[Black "Dr_crypt"]
[Result "1-0"]
[WhiteElo "2536"]
[BlackElo "2377"]
[TimeControl "180+1"]
[EndTime "15:22:24 PST"]
[Termination "kikoveiga won by resignation"]

1. c4 b6 2. Nc3 Bb7 3. e4 e5 4. g3 Nc6 5. Bg2 Nge7 6. a3 Nd4 7.
Nge2 f5 8. d3 Nxe2 9. Qxe2 d6 10. O-O g6 11. f4 Bg7 12. fxe5 Bxe5 13. exf5 Bxg2 14. Qxg2 Nxf5 15. Qc6+ Ke7 16. Bg5+ Bf6 17. Nd5+ 1-0

[Event "Late-Titled-Tuesday-Blitz-December-26-2023"]
[Site "Chess.com"]
[Date "2023.12.26"]
[Round "8"]
[White "ElenGajger"]
[Black "CFalcons8"]
[Result "0-1"]
[WhiteElo "2425"]
[BlackElo "2270"]
[TimeControl "180+1"]
[EndTime "15:22:26 PST"]
[Termination "CFalcons8 won by resignation"]

1. e4 c6 2. d4 d5 3. Nd2 dxe4 4. Nxe4 Bf5 5. Ng3 Bg6 6. h4 h6 7. Nf3 Nd7 8. h5 Bh7 9. Bd3 Bxd3 10. Qxd3 e6 11.
Bd2 Ngf6 12. O-O-O Be7 13. Kb1 b5 14. Ne4 Qc7 15.
g4 Nxg4 16. Rhg1 f5 17. Rxg4 fxg4 18. Nh4 Bxh4 0-1

[Event "Late-Titled-Tuesday-Blitz-December-26-2023"]
[Site "Chess.com"]
[Date "2023.12.26"]
[Round "8"]
[White "jcmesafischer"]
[Black "MasterofMasters2006"]
[Result "1-0"]
[WhiteElo "2307"]
[BlackElo "2081"]
[TimeControl "180+1"]
[EndTime "15:22:33 PST"]
[Termination "jcmesafischer won by resignation"]

1. e4 e5 2. Nf3 Nc6 3. Bc4 Nf6 4. d3 Bc5 5. c3 d6 6. Nbd2 O-O 7. Nf1 Be6 8. Bb5 a6 9. Ba4 b5 10. Bc2 d5 11. exd5 Nd7 12. dxc6 1-0

[Event "Late-Titled-Tuesday-Blitz-December-26-2023"]
[Site "Chess.com"]
[Date "2023.12.26"]
[Round "8"]
[White "zsoltkorpics"]
[Black "GoltsevDmitry2000"]
[Result "0-1"]
[WhiteElo "2503"]
[BlackElo "2677"]
[TimeControl "180+1"]
[EndTime "15:22:59 PST"]
[Termination "GoltsevDmitry2000 won by resignation"]

1. e4 e6 2. d4 d5 3. Bd3 c5 4. exd5 exd5 5. dxc5 Bxc5 6. Nf3 Nf6 7. O-O O-O 8. Nc3 Nc6 9. Bg5 Bg4 10. h3 Bh5 11. g4 Bg6 12. Bxg6 fxg6 13. Qd3 Nb4 14. Qb5 Qd6 15. Rad1 Qg3+ 16. Kh1 Qxf3+ 17. Kh2 Bd6+ 18.
Kg1 Qxh3 19. f4 Nxg4 20. Qe2 Bc5+ 0-1

[Event "Late-Titled-Tuesday-Blitz-December-26-2023"]
[Site "Chess.com"]
[Date "2023.12.26"]
[Round "8"]
[White "Tunahan_Makaraci"]
[Black "Kildepiotr"]
[Result "1-0"]
[WhiteElo "2517"]
[BlackElo "2655"]
[TimeControl "180+1"]
[EndTime "15:23:10 PST"]
[Termination "Tunahan_Makaraci won by resignation"]

1. e4 g6 2. d4 Bg7 3. Nc3 c6 4. h3 d5 5. Nf3 dxe4 6. Nxe4 Nf6 7.
Bd3 Nxe4 8. Bxe4 Nd7 9. c3 O-O 10. O-O Qb6 11. Re1 e6 12. Qe2 c5 13. Be3 cxd4 14.
Nxd4 Qa5 15. Nb3 Qc7 16. Rad1 Nf6 17. Bf3 Bd7 18. Bc5 Rfe8 19. Bd6 Qc8 20. Be5 Bc6 21. Nd4 Bxf3 22. Qxf3 Nd5 23. Bxg7 Kxg7 24. Nb5 Qc5 25. c4 Nf6 26. Nd6 Re7 27. Qxf6+ 1-0

[Event "Late-Titled-Tuesday-Blitz-December-26-2023"]
[Site "Chess.com"]
[Date "2023.12.26"]
[Round "8"]
[White "KorolDimitriy75"]
[Black "TheMagician"]
[Result "1-0"]
[WhiteElo "2335"]
[BlackElo "2168"]
[TimeControl "180+1"]
[EndTime "15:23:11 PST"]
[Termination "KorolDimitriy75 won by resignation"]

1. d4 Nf6 2. c4 e6 3. Nc3 d5 4.
Bg5 Be7 5. cxd5 Nxd5 6. Bxe7 Qxe7 7. e4 Nxc3 8. bxc3 c5 9. Nf3 cxd4 10. cxd4 Qb4+ 11.
Qd2 Qxd2+ 12. Kxd2 Bd7 13. Rb1 Bc6 14. Ke3 Nd7 15.
Bc4 b6 16. Rhc1 Bb7 17. Bb5 Kd8 18. Bxd7 Kxd7 19. Ne5+ Kd8 20. Nxf7+ Kd7 21. Nxh8 Rxh8 1-0

[Event "Late-Titled-Tuesday-Blitz-December-26-2023"]
[Site "Chess.com"]
[Date "2023.12.26"]
[Round "8"]
[White "BardArtem"]
[Black "thechesscorner64"]
[Result "1-0"]
[WhiteElo "2669"]
[BlackElo "2443"]
[TimeControl "180+1"]
[EndTime "15:23:14 PST"]
[Termination "BardArtem won by resignation"]

1. e4 c5 2. c3 Nf6 3. e5 Nd5 4. Nf3 Nc6 5. Bc4 Nb6 6. Bb3 g6 7. d4 cxd4 8. Ng5 d5 9. exd6 e6 10. Qf3 Ne5 11. Qg3 Bxd6 12. Ne4 Bc7 13. Bg5 f6 14.
Bxf6 Qd7 15. Bxe5 Bxe5 16. Qxe5 O-O 17. Nf6+ Rxf6 18. Qxf6 dxc3 19. Nxc3 Nd5 20. Nxd5 exd5 21. O-O 1-0

[Event "Late-Titled-Tuesday-Blitz-December-26-2023"]
[Site "Chess.com"]
[Date "2023.12.26"]
[Round "8"]
[White "HajiyevKanan"]
[Black "OneTrickPony_82"]
[Result "1-0"]
[WhiteElo "2631"]
[BlackElo "2492"]
[TimeControl "180+1"]
[EndTime "15:23:52 PST"]
[Termination "HajiyevKanan won by resignation"]

1. d4 Nf6 2. Nf3 d5 3. c4 e6 4. cxd5 exd5 5. Nc3 c6 6. Qc2 g6 7. Bg5 Bf5 8. Qb3 Nbd7 9. e4 dxe4 10. Ne5 Be6 11.
Bc4 Nb6 12. Bxe6 fxe6 13. Qxe6+ Qe7 14. Qxf6 Qxf6 15. Bxf6 Rg8 16. O-O-O Be7 17. Nxe4 Rf8 18. Bxe7 Kxe7 19. Rhe1 Nd5 20. g3 Rae8 21. f4 Kd8 22. Nd6 Re7 23. a3 Kc7 24. Ne4 Rg7 25. Ng5 Rf6 26. Ng4 1-0

[Event "Late-Titled-Tuesday-Blitz-December-26-2023"]
[Site "Chess.com"]
[Date "2023.12.26"]
[Round "8"]
[White "Rafael_Ventura"]
[Black "ExchangeAB"]
[Result "0-1"]
[WhiteElo "2371"]
[BlackElo "2495"]
[TimeControl "180+1"]
[EndTime "15:23:56 PST"]
[Termination "ExchangeAB won by resignation"]

1. e4 c6 2. d4 d5 3. e5 Bf5 4. h4 h5 5. Bg5 Qb6 6. Bd3 Bxd3 7.
Qxd3 e6 8. Nd2 Ne7 9. Ngf3 Nf5 10. O-O Qa6 11. c4 Nd7 12. b3 Bb4 13. a4 O-O 14.
Rad1 Bxd2 15. Nxd2 c5 16. Nf3 cxd4 17. cxd5 Qxd3 18.
Rxd3 exd5 19. Re1 Rfe8 20. Bf4 Nc5 21. Rxd4 Nxd4 22. Nxd4 Ne6 23. Be3 Nxd4 24. Bxd4 a6 25. a5 Rac8 26. b4 Rc4 27. Bc5 f6 28. e6 Re4 29.
Rxe4 dxe4 30. e7 Kf7 31. Kf1 Rxe7 32. Bxe7 Kxe7 33. Ke2 Ke6 34. Ke3 Ke5 35. f3 exf3 36. gxf3 g5 37. f4+ gxf4+ 38. Kf3 Kf5 39. Kf2 Kg4 40.
Kg2 Kxh4 41. Kf3 Kg5 0-1

[Event "Late-Titled-Tuesday-Blitz-December-26-2023"]
[Site "Chess.com"]
[Date "2023.12.26"]
[Round "8"]
[White "Ajedrez_con_German"]
[Black "giomar27"]
[Result "1-0"]
[WhiteElo "2581"]
[BlackElo "2394"]
[TimeControl "180+1"]
[EndTime "15:24:06 PST"]
[Termination "Ajedrez_con_German won by resignation"]

1. Nf3 g6 2. d4 b6 3. Bf4 Bb7 4. e3 d6 5. c4 Bg7 6. Nc3 Nd7 7. h3 e6 8. Be2 Ne7 9. O-O h6 10. Bh2 a6 11. Rc1 O-O 12. b4 f5 13. c5 bxc5 14.
bxc5 dxc5 15. Qb3 Rb8 16. Qxe6+ Kh8 17. Ne5 Nf6 18. Qxe7 Qxe7 19. Nxg6+ Kh7 20. Nxe7 cxd4 21. exd4 Rbe8 22. Nxf5 Bh8 23. Bd3 Rg8 24. Ne7+ Ne4 25. Nxg8 1-0

[Event "Late-Titled-Tuesday-Blitz-December-26-2023"]
[Site "Chess.com"]
[Date "2023.12.26"]
[Round "8"]
[White "AGW2016"]
[Black "Doraemon7"]
[Result "0-1"]
[WhiteElo "2575"]
[BlackElo "2697"]
[TimeControl "180+1"]
[EndTime "15:24:19 PST"]
[Termination "Doraemon7 won by resignation"]

1. d4 Nf6 2. Nc3 d5 3. Bf4 c5 4. e4 Nxe4 5. Nxe4 dxe4 6. dxc5 Qa5+ 7. c3 Qxc5 8. Qa4+ Nc6 9. Qxe4 g6 10. Nf3 Bg7 11. Qe3 Qxe3+ 12. Bxe3 O-O 13. Be2 Bf5 14. O-O Rfd8 15. Rfd1 Bc2 16. Rxd8+ Rxd8 17. Rc1 Be4 18. Kf1 Bd5 19. b3 h6 20. c4 Be4 21. Nd2 Bd3 22.
Bxd3 Rxd3 23. Ke2 Rd7 24. Ne4 b6 25. Rd1 Rb7 26. g4 f5 27. gxf5 gxf5 28. Ng3 e6 29. Nh5 Be5 30. Bxh6 Rh7 31. Bf4 Rxh5 32. Bxe5 Nxe5 33.
Rd6 Kf7 34. Rd8 Rxh2 35. Ra8 0-1

[Event "Late-Titled-Tuesday-Blitz-December-26-2023"]
[Site "Chess.com"]
[Date "2023.12.26"]
[Round "8"]
[White "Alexei_Gubajdullin"]
[Black "McCarthyStone"]
[Result "1-0"]
[WhiteElo "2597"]
[BlackElo "2399"]
[TimeControl "180+1"]
[EndTime "15:24:19 PST"]
[Termination "Alexei_Gubajdullin won by resignation"]

1. e4 e5 2. d4 d6 3. dxe5 dxe5 4.
Qxd8+ Kxd8 5. Bc4 Be6 6. Bxe6 fxe6 7. f3 Nd7 8. Be3 Bc5 9. Ke2 c6 10. Nh3 h6 11. Nf2 Ne7 12. Nd3 Bxe3 13. Kxe3 Kc7 14. Nd2 g5 15. Nc4 Ng6 16. a4 Nf4 17. g3 Nxd3 18.
cxd3 Raf8 19. h4 gxh4 20. Rxh4 Rhg8 21. g4 Rf6 22. Rah1 Rgg6 23. Rh5 Nc5 24. Nxe5 Rg5 25. a5 Nb3 26. a6 b5 27. Rxg5 hxg5 28. Rh5 Nc5 29.
Rxg5 Nxa6 30. Rg7+ Kc8 31. Nxc6 Nc7 32. Nxa7+ 1-0

[Event "Late-Titled-Tuesday-Blitz-December-26-2023"]
[Site "Chess.com"]
[Date "2023.12.26"]
[Round "8"]
[White "Grammnik"]
[Black "rdarruda"]
[Result "0-1"]
[WhiteElo "2223"]
[BlackElo "2507"]
[TimeControl "180+1"]
[EndTime "15:24:43 PST"]
[Termination "rdarruda won by resignation"]

1. d4 Nf6 2. Nf3 e6 3. c4 b6 4. a3 Bb7 5. Nc3 d5 6. cxd5 Nxd5 7. e3 Be7 8. Bd3 O-O 9. O-O c5 10. e4 Nxc3 11. bxc3 cxd4 12. cxd4 Ba6 13. Bxa6 Nxa6 14. Bf4 Bd6 15. Bg5 Be7 16. Bf4 Bd6 17. Bg5 f6 18. Bh4 Qd7 19. Qb3 Nc7 20. a4 Rac8 21. Rac1 Na6 22. Bg3 Bxg3 23. hxg3 Rxc1 24. Rxc1 Rc8 25.
Rd1 Kf7 26. d5 Nc5 27. Qc2 Qxa4 28. dxe6+ Kxe6 29. Nd4+ Kf7 30. Qe2 Rd8 31. Qh5+ Kg8 32. Kh2 g6 0-1

[Event "Late-Titled-Tuesday-Blitz-December-26-2023"]
[Site "Chess.com"]
[Date "2023.12.26"]
[Round "8"]
[White "2KTNGO"]
[Black "maracayo"]
[Result "1-0"]
[WhiteElo "2520"]
[BlackElo "2385"]
[TimeControl "180+1"]
[EndTime "15:24:46 PST"]
[Termination "2KTNGO won by resignation"]

1. d4 d6 2. Nf3 Nf6 3. c4 Nbd7 4. Nc3 e5 5. e4 Be7 6. Be2 O-O 7. O-O exd4 8. Nxd4 Re8 9. Be3 Bf8 10. f3 c6 11.
Qd2 d5 12. exd5 cxd5 13. Rfd1 dxc4 14. Bxc4 Nb6 15. Bb3 Bd7 16. Bf2 h6 17. a4 Rc8 18.
Ndb5 Nc4 19. Bxc4 Rxc4 20. Nxa7 Bb4 21. Nab5 Ba5 22. Nd6 1-0

[Event "Late-Titled-Tuesday-Blitz-December-26-2023"]
[Site "Chess.com"]
[Date "2023.12.26"]
[Round "8"]
[White "thesupera12"]
[Black "shaya01"]
[Result "1-0"]
[WhiteElo "2393"]
[BlackElo "2217"]
[TimeControl "180+1"]
[EndTime "15:24:51 PST"]
[Termination "thesupera12 won by checkmate"]

1. d4 Nf6 2. Bg5 b6 3. Bxf6 exf6 4. Nf3 Bb7 5. e3 f5 6. g3 g6 7. Bg2 Bg7 8. O-O O-O 9. c4 d6 10. Nc3 Nd7 11. Rc1 Nf6 12. b4 Ne4 13. Nxe4 fxe4 14. Nd2 c5 15. bxc5 dxc5 16. dxc5 Qe7 17. cxb6 axb6 18.
Qc2 f5 19. Nb3 Qa3 20. c5 Ba6 21. Rfd1 bxc5 22. Nxc5 Rfc8 23. Qb3+ Qxb3 24. axb3 Bf8 25. Nxa6 Rxc1 26. Rxc1 Rxa6 27. Bf1 Rb6 28. Rc7 Rb8 29. Bc4+ Kh8 30. Kg2 Bd6 31. Rd7 Be5 32. Re7 Bf6 33.
Re6 Kg7 34. b4 Rxb4 35. Rc6 Rb8 36. Rc7+ Kh6 37. h3 g5 38. Be6 Rb5 39. Bg8 Bg7 40. Rc6+ Kh5 41. Bf7# 1-0

[Event "Late-Titled-Tuesday-Blitz-December-26-2023"]
[Site "Chess.com"]
[Date "2023.12.26"]
[Round "8"]
[White "wild3000"]
[Black "enriquetejedor"]
[Result "0-1"]
[WhiteElo "2469"]
[BlackElo "2715"]
[TimeControl "180+1"]
[EndTime "15:24:52 PST"]
[Termination "enriquetejedor won by resignation"]

1. e4 e5 2. Nf3 Nc6 3. Bb5 Nge7 4. O-O Ng6 5. c3 d6 6. h3 Bd7 7. d4 Be7 8. Re1 O-O 9. d5 Nb8 10. Bxd7 Nxd7 11. c4 f5 12. Nc3 f4 13. a3 Nh4 14.
Nh2 Qe8 15. f3 g5 16. b4 h5 17. c5 dxc5 18. Nb5 Bd6 19. Bb2 Nf6 20. Rc1 Qxb5 21.
bxc5 Bxc5+ 22. Kh1 Qxb2 23. Re2 Qd4 24. Qb3 Bd6 25. Qxb7 g4 26. fxg4 hxg4 27. hxg4 f3 28. gxf3 Rab8 29. Qc6 Rb3 30. Rf1 Nxf3 31. Nxf3 Rxf3 32.
Rxf3 Qd1+ 33. Rf1 Qxf1+ 0-1

[Event "Late-Titled-Tuesday-Blitz-December-26-2023"]
[Site "Chess.com"]
[Date "2023.12.26"]
[Round "8"]
[White "hsd2016"]
[Black "SnekkerAndersen"]
[Result "0-1"]
[WhiteElo "2291"]
[BlackElo "2567"]
[TimeControl "180+1"]
[EndTime "15:24:56 PST"]
[Termination "SnekkerAndersen won by resignation"]

1. e4 e6 2. d4 d6 3. Nd2 h6 4. f4 a6 5. Ngf3 Nc6 6. c3 Bd7 7. Bd3 g6 8. O-O Bg7 9. Re1 Nge7 10. e5 d5 11. Nf1 Nf5 12. Ng3 Nxg3 13. hxg3 Ne7 14.
Qb3 Rb8 15. Qc2 Bb5 16. Bxb5+ axb5 17. a4 bxa4 18. Rxa4 O-O 19. b3 Ra8 20. Ba3 Rxa4 21. bxa4 Re8 22. Bxe7 Qxe7 23. Rb1 b6 24. a5 bxa5 25.
Qa4 Ra8 26. Rb7 Bf8 27. Qc6 Qe8 28. Qxe8 Rxe8 29. Ra7 Rb8 30. Rxa5 Rb1+ 31. Kf2 Rc1 32.
g4 Rxc3 33. g5 h5 34. Ra8 Kg7 35. Re8 c5 36. dxc5 Bxc5+ 37. Ke2 Re3+ 38. Kd1 Re4 39.
g3 Re3 0-1

[Event "Late-Titled-Tuesday-Blitz-December-26-2023"]
[Site "Chess.com"]
[Date "2023.12.26"]
[Round "8"]
[White "Alexander_Khlebovich"]
[Black "ozates"]
[Result "1-0"]
[WhiteElo "2778"]
[BlackElo "2611"]
[TimeControl "180+1"]
[EndTime "15:24:57 PST"]
[Termination "Alexander_Khlebovich won by resignation"]

1. d4 Nf6 2. c4 e6 3. Nf3 d5 4. g3 dxc4 5. Bg2 Bd7 6. Ne5 Bc6 7. Nxc6 Nxc6 8. Qa4 Qd7 9. O-O Nd5 10. e3 h5 11.
Qxc4 h4 12. Nc3 O-O-O 13. Nxd5 exd5 14. Qb3 g5 15. Bd2 f5 16. Rac1 f4 17. exf4 Nxd4 18. Qd3 Bg7 19. fxg5 Rde8 20. Be3 hxg3 21. Bxd4 Rxh2 22.
fxg3 Reh8 23. Bxg7 Qxg7 24. Qxd5 Qxb2 25. Qf5+ Kb8 26.
Qf8+ 1-0

[Event "Late-Titled-Tuesday-Blitz-December-26-2023"]
[Site "Chess.com"]
[Date "2023.12.26"]
[Round "8"]
[White "UK_23"]
[Black "YouShallNotPass001"]
[Result "0-1"]
[WhiteElo "2346"]
[BlackElo "2490"]
[TimeControl "180+1"]
[EndTime "15:24:58 PST"]
[Termination "YouShallNotPass001 won by resignation"]

1. e4 e6 2. d4 d6 3. Nf3 Ne7 4. Nc3 h6 5. Be2 a6 6. a4 g5 7. h3 Bg7 8. a5 Ng6 9. g3 Nd7 10. Be3 c5 11. Qd2 b5 12. axb6 Qxb6 13. O-O O-O 14.
Kg2 Bb7 15. Rfd1 Rad8 16. Na4 Qc6 17. d5 exd5 18. exd5 Qc7 19. c3 f5 20. Qc2 Ne7 21. Bd3 Bxd5 22. Bxa6 Bxf3+ 23. Kxf3 Qc6+ 24. Ke2 Qxa6+ 25. c4 Qc6 26. Rd2 Ne5 27. Rad1 f4 0-1

[Event "Late-Titled-Tuesday-Blitz-December-26-2023"]
[Site "Chess.com"]
[Date "2023.12.26"]
[Round "8"]
[White "h4parah5"]
[Black "Msb2"]
[Result "0-1"]
[WhiteElo "2922"]
[BlackElo "3016"]
[TimeControl "180+1"]
[EndTime "15:25:12 PST"]
[Termination "Msb2 won by resignation"]

1. Nf3 d5 2. e3 Nf6 3. c4 e6 4.
b3 Bd6 5. Bb2 O-O 6. Nc3 c5 7.
cxd5 exd5 8. d4 Nc6 9. Be2 cxd4 10. Nxd4 Nxd4 11. Qxd4 Re8 12. O-O Be5 13. Qd3 Bg4 14. Rad1 Bxe2 15. Qxe2 d4 16. Nb5 Qb8 17. f4 Bxf4 18.
Bxd4 Bxh2+ 19. Kh1 Be5 20. Qf3 a6 21. Bxe5 Rxe5 22.
Nd6 Qc7 23. Qxb7 Qxb7 24. Nxb7 Rxe3 25. Rf4 h5 26. Nc5 Ng4 27. Kg1 Rae8 28. Nxa6 Re2 29. Nb4 Ne3 30. Rd3 Rxg2+ 31. Kh1 Re2 32. Kg1 Rc8 0-1

[Event "Late-Titled-Tuesday-Blitz-December-26-2023"]
[Site "Chess.com"]
[Date "2023.12.26"]
[Round "8"]
[White "DanylaBagrov"]
[Black "SergioMoralesG"]
[Result "0-1"]
[WhiteElo "2562"]
[BlackElo "2434"]
[TimeControl "180+1"]
[EndTime "15:25:12 PST"]
[Termination "SergioMoralesG won by resignation"]

1. d4 d5 2. c4 c6 3. Nf3 Nf6 4. e3 Bf5 5. Nc3 e6 6. Nh4 Be4 7. f3 Bg6 8. Bd2 Be7 9. Qb3 Qc7 10. Rc1 Nbd7 11. g3 a6 12. Nxg6 hxg6 13. cxd5 exd5 14. Nxd5 Nxd5 15. Qxd5 Rxh2 16. f4 cxd5 17. Rxh2 Qb6 18. b3 Bb4 19. Bg2 Bxd2+ 20. Kxd2 Ke7 21. Ke2 Nf6 22.
Rc5 Rd8 23. Bf3 Qb4 24. Kd1 Rd6 25. Rc7+ Rd7 26. Rc5 Ne4 27. Bxe4 dxe4 28. Rh8 Rxd4+ 29. exd4 Qxd4+ 30. Ke2 Qxc5 31. Rb8 Qc2+ 32. Ke3 Qd3+ 33. Kf2 Qf3+ 34. Ke1 e3 0-1

[Event "Late-Titled-Tuesday-Blitz-December-26-2023"]
[Site "Chess.com"]
[Date "2023.12.26"]
[Round "8"]
[White "attack2mateU"]
[Black "Kleyton_Lima"]
[Result "1-0"]
[WhiteElo "2724"]
[BlackElo "2584"]
[TimeControl "180+1"]
[EndTime "15:25:23 PST"]
[Termination "attack2mateU won by resignation"]

1. e4 c5 2. Nf3 d6 3. d4 cxd4 4.
Nxd4 Nf6 5. Nc3 a6 6. Be3 e5 7.
Nb3 Be6 8. h3 Be7 9. Qf3 O-O 10.
g4 a5 11. a4 Na6 12. O-O-O Nb4 13. Bb5 Rc8 14. Kb1 Qc7 15. g5 Nd7 16. Rhg1 Nb6 17. h4 Nc4 18. Bc1 Rfd8 19. h5 f5 20. gxf6 Bxf6 21. Qxf6 Nxc2 22. Qxe6+ Kh8 1-0

[Event "Late-Titled-Tuesday-Blitz-December-26-2023"]
[Site "Chess.com"]
[Date "2023.12.26"]
[Round "8"]
[White "VitorBronson"]
[Black "FREZZY23"]
[Result "1-0"]
[WhiteElo "2533"]
[BlackElo "2385"]
[TimeControl "180+1"]
[EndTime "15:25:27 PST"]
[Termination "VitorBronson won by resignation"]

1. c4 Nf6 2. Nc3 g6 3. g3 Bg7 4. Bg2 O-O 5. d4 d6 6. h3 Nc6 7. Nf3 a6 8. O-O Bf5 9. g4 Bd7 10. e4 e5 11. Be3 Re8 12. dxe5 Nxe5 13. Nxe5 dxe5 14. Qb3 b6 15. Rad1 Qc8 16. f4 exf4 17.
Bxf4 Bc6 18. c5 Qb7 19. Nd5 Nxe4 20. Nxc7 Nxc5 21. Bxc6 Qxc6 22. Qc2 g5 23. Nxe8 gxf4 24. Nxg7 Kxg7 25. b4 Qe4 26. Qc3+ Kg6 27. bxc5 Kg5 28. Qf3 Qe5 29. Rd5 1-0

[Event "Late-Titled-Tuesday-Blitz-December-26-2023"]
[Site "Chess.com"]
[Date "2023.12.26"]
[Round "8"]
[White "LeonardoL2005"]
[Black "ilushka"]
[Result "0-1"]
[WhiteElo "2278"]
[BlackElo "2446"]
[TimeControl "180+1"]
[EndTime "15:25:28 PST"]
[Termination "ilushka won by checkmate"]

1. e4 c5 2. Nc3 g6 3. g3 Bg7 4.
Bg2 Nc6 5. d3 d6 6. Be3 e5 7.
Qd2 h6 8. Nge2 Nge7 9. O-O f5 10. f4 Be6 11. fxe5 Nxe5 12. Nd5 Nxd5 13. exd5 Bf7 14. d4 Ng4 15. dxc5 Nxe3 16. Qxe3+ Qe7 17. Qxe7+ Kxe7 18. cxd6+ Kxd6 19. c3 Rae8 20. Rfe1 Re5 21. Nf4 Rhe8 22. Kf2 Rxe1 23. Rxe1 Rxe1 24. Kxe1 g5 25. Ne6 Be5 26. Kd2 b6 27. Kd3 Bxe6 28. dxe6 Kxe6 29. Kc4 g4 30. Kb5 h5 31. Ka6 h4 32. gxh4 Bxh2 33. h5 f4 34.
h6 f3 35. h7 Be5 36. Bf1 g3 37. Bh3+ Kd6 38. Kxa7 Kc7 39. c4 g2 40. b4 g1=Q 41.
c5 bxc5 42. b5 c4+ 43. Ka8 Qb6 44. h8=Q Qb7# 0-1

[Event "Late-Titled-Tuesday-Blitz-December-26-2023"]
[Site "Chess.com"]
[Date "2023.12.26"]
[Round "8"]
[White "Mystery2007"]
[Black "Flaccidmoves"]
[Result "0-1"]
[WhiteElo "2554"]
[BlackElo "2407"]
[TimeControl "180+1"]
[EndTime "15:25:31 PST"]
[Termination "Flaccidmoves won by resignation"]

1. Nf3 e6 2. d4 c5 3. c3 b6 4.
Bf4 Bb7 5. e3 Nf6 6. Nbd2 d5 7.
h3 Bd6 8. Ne5 O-O 9. Bd3 Nc6 10.
Ndf3 Ne4 11. O-O Ne7 12. Nd2 Nxd2 13. Qxd2 f6 14. Nf3 Qc7 15. Rfe1 e5 16. dxe5 fxe5 17. Bxh7+ Kxh7 18. Ng5+ Kg8 19. Qd1 Qd7 20. Qh5 Qf5 21. Bg3 Qg6 22. Qg4 Bc8 23. Qh4 Nf5 0-1

[Event "Late-Titled-Tuesday-Blitz-December-26-2023"]
[Site "Chess.com"]
[Date "2023.12.26"]
[Round "8"]
[White "Jesusesmifuerza"]
[Black "Balla_Tamas"]
[Result "0-1"]
[WhiteElo "2207"]
[BlackElo "2430"]
[TimeControl "180+1"]
[EndTime "15:25:34 PST"]
[Termination "Balla_Tamas won by resignation"]

1. e4 c5 2. Nf3 Nc6 3. d4 cxd4 4. Nxd4 e5 5. Nb5 d6 6. N1c3 a6 7. Na3 b5 8. Nd5 Nge7 9. Be3 Nxd5 10. exd5 Ne7 11. c3 Nf5 12. Nc2 Be7 13. Be2 O-O 14. O-O Bg5 15. Qd2 Nxe3 16. Nxe3 f5 17. a4 f4 18. Nc2 f3 19. Qd3 fxe2 20. Qxe2 Bd7 21. a5 Qf6 22. Nb4 Qg6 23. g3 Bh3 24. Rfe1 Rf6 25. Nc6 Qf7 26. b3 Rf8 27. Ra2 Kh8 28. Nb4 e4 29. Nxa6 e3 30. f4 Bxf4 31. gxf4 Rxf4 32.
Qxb5 Rf1+ 0-1